 Dungeon Crawl Stone Soup version 0.28-a0-895-g6e5f11bd55 (console) character file.

Game seed: 16901222055041123432

22012 petzl the Fighter (level 12, -2/90 HPs)
             Began as an Octopode Arcane Marksman on Nov 22, 2021.
             Was an Elder of Vehumet.
             Slain by a troll (10 damage)
             ... on level 10 of the Dungeon on Nov 27, 2021.
             The game lasted 01:48:29 (17585 turns).

petzl the Fighter (Octopode Arcane Marksman)       Turns: 17585, Time: 01:48:32

Health: -2/90      AC:  1    Str: 19    XL:     12   Next: 96%
Magic:  12/32      EV: 15    Int: 22    God:    Vehumet [****..]
Gold:   1557       SH:  0    Dex: 19    Spells: 4/26 levels left

rFire   . . .      SeeInvis +   b - +2 dagger (elec) {!f =f}
rCold   . . .      Faith    .   (no shield)
rNeg    . . .      Spirit   .   (helmet restricted)
rPois   +          Reflect  .   y - amulet of the acrobat
rElec   .          Harm     .   h - +6 ring of dexterity
rCorr   .          Rampage  .   j - ring of magical power
Will    +....      Clarity  +   z - ring of willpower
Stlth   +++++.....              l - ring of see invisible
HPRegen 0.25/turn               C - ring of poison resistance
MPRegen 0.23/turn               K - +6 ring of strength
                                X - +6 ring of strength
                                Y - ring of flight

@: flying
A: almost no armour, amphibious, 8 rings, camouflage 1, gelatinous body 1,
(nimble swimmer 1), tentacles, clarity, clever 1, sense surroundings 1, weak 1
a: Renounce Religion


You were on level 10 of the Dungeon.
You worshipped Vehumet.
Vehumet was greatly pleased with you.
You visited 2 branches of the dungeon, and saw 12 of its levels.
You also visited: Ossuary and Bailey.

You collected 2205 gold pieces.
You spent 648 gold pieces at shops.

Inventory:

Hand Weapons
 a - a +1 hand crossbow
 b - a +2 dagger of electrocution (weapon) {!f =f}
 c - a +3 dagger of freezing {!f =f}
 d - a +1 hand axe of flaming {!f =f}
 D - a +2 short sword of venom
 E - a +1 flail of holy wrath
Missiles
 i - 11 curare-tipped darts (quivered) {!*}
 k - 70 bolts
 n - a throwing net
 F - 23 javelins
 U - 6 boomerangs of dispersal
Jewellery
 h - a +6 ring of dexterity (left tentacle)
 j - a ring of magical power (right tentacle)
 l - a ring of see invisible (on tentacle)
 y - an amulet of the acrobat (around mantle)
 z - a ring of willpower (on tentacle)
 A - an amulet of regeneration
 C - a ring of poison resistance (on tentacle)
 G - a ring of protection from fire
 K - a +6 ring of strength (on tentacle)
 T - an amulet of magic regeneration
 X - a +6 ring of strength (on tentacle)
 Y - a ring of flight (on tentacle)
Wands
 e - a wand of acid (16)
 v - a wand of flame (71)
 H - a wand of digging (3)
 Z - a wand of iceblast (12)
Scrolls
 o - a scroll of immolation
 B - 4 scrolls of teleportation
 I - 2 scrolls of acquirement
 L - a scroll of magic mapping
 M - a scroll of blinking
 Q - a scroll of fear
 R - a scroll of fog
 S - 2 scrolls of amnesia
 V - a scroll of holy word
 W - 2 scrolls of enchant armour
Potions
 m - 2 potions of brilliance {unknown}
 p - 2 potions of haste
 r - 2 potions of invisibility {unknown}
 s - 3 potions of curing
 t - 2 potions of cancellation
 u - 9 potions of heal wounds
 w - a potion of mutation
 J - 4 potions of flight
 N - a potion of magic {unknown}
 O - a potion of lignification {unknown}
 P - a potion of might {unknown}
Miscellaneous
 f - a phantom mirror
 g - a condenser vane
 q - a phantom mirror
 x - a phial of floods


   Skills:
 + Level 11.5 Fighting
 - Level 4.0 Crossbows
 - Level 4.0 Dodging
 - Level 7.3 Stealth
 + Level 7.9 Spellcasting
 + Level 7.9 Conjurations
 - Level 3.0 Hexes
 + Level 6.0 Translocations
 * Level 4.6 Fire Magic
 - Level 5.0 Air Magic
 - Level 5.0 Poison Magic
 - Level 4.0 Evocations


You had 4 spell levels left.
You knew the following spells:

 Your Spells              Type           Power      Damage    Failure   Level
a - Slow                  Hex            84%        N/A       2%          1
b - Magic Dart            Conj           100%       1d8       1%          1
c - Stone Arrow           Conj/Erth      52%        3d10      1%          3
d - Lightning Bolt        Conj/Air       18%        1d33      4%          5
s - Sticky Flame          Conj/Fire      36%        2d6       1%          4
P - Passage of Golubria   Tloc           35%        N/A       6%          4
T - Olgreb's Toxic Radia  Pois           30%        N/A       2%          4

Your spell library contained the following spells:

 Spells                   Type           Power      Damage    Failure   Level
 Ozocubu's Refrigeration  Ice            4%         4d5       100%        7
 Inner Flame              Hex/Fire       25%        N/A       1%          3
 Airstrike                Air            15%        N/A       2%          4
 Portal Projectile        Hex/Tloc       56%        N/A       3%          3
 Tukima's Dance           Hex            21%        N/A       7%          3
 Animate Skeleton         Necr           16%        N/A       8%          1
 Pain                     Necr           32%        1d5       8%          1
 Vampiric Draining        Necr           8%         2d6       22%         3
 Cause Fear               Hex            10%        N/A       22%         4
 Summon Lightning Spire   Summ/Air       19%        N/A       26%         4
 Yara's Violent Unravell  Hex/Tmut       7%         3d5       28%         5


Dungeon Overview and Level Annotations

Branches:
Dungeon (11/15)            Temple (1/1) D:4             Orc (0/2) D:10
Ossuary (visited)          Bailey (visited)
   Lair: D:8-11

Altars:
Cheibriados
Elyvilon
Fedhas
Kikubaaqudgha
Makhleb
Okawaru
Qazlal
Uskayaw
Vehumet
Wu Jian
Yredelemnul
Zin
The Shining One

Shops:
D:2 =   D:6 =*![   D:7 [

Annotations:
D:2 1 runed translucent door, Crazy Yiuf
D:5 Sigmund
D:10 1 runed translucent door


Innate Abilities, Weirdness & Mutations

You cannot wear most types of armour.
You are amphibious.
You can wear up to eight rings at the same time.
Your skin changes colour to match your surroundings (Stealth+).
Your rubbery body absorbs attacks. (AC +1, EV +1)
((You are camouflaged near water. (Stealth+)))
You have tentacles for arms and can constrict up to eight enemies at once.
You possess an exceptional clarity of mind.
Your mind is acute. (Int +2)
You passively map a small area around you.
You are weak. (Str -2)


Message History

You begin to radiate toxic energy.
The troll looks even sicker.
The kobold brigand looks as sick as possible!
The troll looks even sicker.
The kobold brigand looks as sick as possible!
The kobold brigand throws a poisoned dart.
The poisoned dart closely misses you.
The troll looks as sick as possible!
The kobold brigand looks as sick as possible!
Your toxic aura wanes.
Casting: Olgreb's Toxic Radiance (dangerous; 2% risk of failure)
Confirm with . or Enter, or press ? or * to list all spells.
You begin to radiate toxic energy.
The kobold brigand looks as sick as possible!
Unknown command.
The troll looks as sick as possible!
Your toxic aura wanes.
The troll misses you. The troll claws you. The troll claws you!
Vehumet accepts your kill.
You feel a bit more experienced.
Casting: Olgreb's Toxic Radiance (dangerous; 2% risk of failure)
Confirm with . or Enter, or press ? or * to list all spells.
You begin to radiate toxic energy.
The troll looks even sicker.
The troll bites you. The troll misses you. x2
Your toxic aura wanes.
Casting: Olgreb's Toxic Radiance (dangerous; 2% risk of failure)
Confirm with . or Enter, or press ? or * to list all spells.
You begin to radiate toxic energy.
The troll looks as sick as possible! x2; The troll bites you!
The troll claws you. The troll claws you!
* * * LOW HITPOINT WARNING * * *
The troll looks as sick as possible!
Your toxic aura wanes.
Casting: Olgreb's Toxic Radiance (dangerous; 2% risk of failure)
Confirm with . or Enter, or press ? or * to list all spells.
Aiming: Sticky Flame (mildly dangerous; 1% risk of failure)
Press: ? - help, Shift-Dir - straight line, f - troll
Aim: a troll (heavily wounded, very poisoned, 100% to hit)
The sticky flame hits the troll.
The troll is heavily wounded.
The troll is covered in liquid flames!
The troll burns!
The troll bites you!!
* * * LOW HITPOINT WARNING * * *
The troll closely misses you. The troll claws you!
You die...

.......)....# #...# #..).....# #. (.......)...#
#)..# #...).######## ....(.......# #...#
#.....#....... ...........(##############...#
#....)#.......
.............................#######....)#.......
.....(..........(.....................##.).)...).
....(........)........................####..#[...
..............###....##..................#..#....
####.(.###....# #(...##...####...##......#.......
#...# #....# #....##...####...##......########
#.).###....# #................##....##..(()÷..
####..)..>....###..............(.......##..(.####
......))........................(..###.##....####
....................######.........#3#.##........
####..(.###..####...# #.........#+#..(........
#.##.####.# #...# #.......................
#.#.....#.# #...# #.......................
####.#..)..#.####...######............####...####
.....#..)..#....<.......@T............# #...# #
.!...#.....#..>.......................# #...# #
######.....#........#######....#####.........####
# #.....#...##...# #....# #............. #
#.....#...##...# #....# #............. #
########...##...# #....# #..####,, ... # #..#
#...##...# #....# #..# ,, ... #
#..#####...##...#######....# ≈.≈
#####..........##........... , ≈.≈
......[....................., , , , .≈.
............................. , ≈≈≈
#########...........(........ * ≈≈ #
#...######........... , , ,, ≈ # #...#
#..)........ , , #########...######........... ,
[............................ ,
......[.....)<))............. , ,
#####################..####. , #..# ... ≈≈≈


You could see a troll (burning, very poisoned).

Vanquished Creatures
  A hydra (D:10)
  2 two-headed ogres
  Sonja (D:10)
  An unseen horror (D:9)
  A kobold demonologist (D:10)
  A polar bear (D:8)
  A troll (D:9)
  A hornet (D:8)
  Grinder (D:6)
  16 yaks
  Grum (D:10)
  A wyvern (D:10)
  Menkaure (D:5)
  A swamp drake (D:10)
  14 orc warriors
  A sky beast (D:8)
  2 ogres
  4 ice beasts
  5 wolves (D:10)
  9 centaurs
  A phantom (D:5)
  2 bullfrogs (D:7)
  21 kobold brigands
  Blork the orc (D:6)
  A gnoll sergeant (D:9)
  9 scorpions (Ossuary)
  An elf skeleton (D:7)
  A water moccasin zombie (D:6)
  A water moccasin skeleton (D:6)
  6 killer bees (D:9)
  2 wights (D:10)
  An electric eel (D:10)
  2 howler monkeys (D:7)
  A wyvern simulacrum (D:8)
  3 human zombies
  4 jellies
  2 centaur skeletons
  3 centaur zombies
  7 orc priests
  2 gnoll shamans
  10 hounds
  4 iguanas
  3 bullfrog skeletons
  12 orc wizards
  3 scorpion zombies
  2 killer bee zombies (D:7)
  3 mummies (Ossuary)
  4 howler monkey zombies
  12 adders
  13 gnolls
  3 shadow imps
  3 white imps
  3 ufetubi
  An adder skeleton (D:4)
  A worm (D:4)
  2 dart slugs (D:1)
  49 orcs
  8 endoplasms
  3 giant cockroaches
  2 gnoll zombies (Ossuary)
  10 goblins
  3 hobgoblins (D:4)
  2 jackals (D:2)
  10 kobolds
  4 quokkas
  13 ball pythons
  7 bats
  3 frilled lizards (D:1)
  5 goblin zombies (Ossuary)
  5 hobgoblin zombies (Ossuary)
  4 kobold zombies (Ossuary)
  An orc skeleton (D:7)
  4 orc zombies
  4 rats
352 creatures vanquished.

Notes
Turn   | Place    | Note
-------+----------+-------------------------------------------
     0 | D:1      | petzl the Octopode Arcane Marksman began the quest for the
                  | Orb.
     0 | D:1      | Reached XP level 1. HP: 13/13 MP: 2/2
   185 | D:1      | Reached XP level 2. HP: 18/18 MP: 3/3
   209 | D:1      | Reached skill level 1 in Stealth
  1033 | D:2      | Reached XP level 3. HP: 23/23 MP: 5/5
  1316 | D:1      | Reached XP level 4. HP: 12/29 MP: 6/6
  1569 | D:2      | Found a runed translucent door.
  1570 | D:2      | Noticed Crazy Yiuf
  2162 | D:2      | Found Roesot's Jewellery Boutique.
  2699 | D:2      | Reached skill level 2 in Fighting
  2779 | D:3      | Reached XP level 5. HP: 34/34 MP: 8/8
  3484 | D:3      | Reached XP level 6. HP: 41/41 MP: 9/9
  4102 | D:4      | Found a staircase to the Ecumenical Temple.
  4242 | Temple   | Entered the Ecumenical Temple
  4311 | Temple   | Became a worshipper of Vehumet
  4431 | D:4      | Reached skill level 1 in Evocations
  4431 | D:4      | Reached XP level 7. HP: 45/45 MP: 11/11
  4566 | D:4      | Reached skill level 3 in Fighting
  4632 | D:5      | Entered Level 5 of the Dungeon
  4675 | D:5      | Found an iron altar of Okawaru.
  4685 | D:5      | Found a snail-covered altar of Cheibriados.
  4838 | D:5      | Identified a scroll of acquirement
  4875 | D:5      | Noticed Sigmund
  5146 | D:5      | Noticed Menkaure
  5177 | D:6      | Noticed Grinder
  5242 | D:6      | Found a stormy altar of Qazlal.
  5443 | D:6      | Found Nurch's General Store.
  5470 | D:6      | Reached * piety under Vehumet
  5470 | D:6      | Offered knowledge of Magic Dart by Vehumet.
  5473 | D:6      | Learned a level 1 spell: Magic Dart
  5551 | D:5      | Reached XP level 8. HP: 40/52 MP: 13/13
  5650 | D:6      | Reached skill level 5 in Stealth
  5650 | D:6      | Reached skill level 1 in Conjurations
  5668 | D:6      | Found an ancient bone altar of Kikubaaqudgha.
  5668 | D:6      | Found a hide-covered altar of Uskayaw.
  5743 | D:6      | Found Tajunoyshra's Jewellery Shoppe.
  5747 | D:6      | Found Zafelinn's Distillery.
  5748 | D:6      | Found Xesean's Armour Shoppe.
  5755 | D:6      | Bought a potion of degeneration for 14 gold pieces
  5765 | D:6      | Bought a scroll of teleportation for 39 gold pieces
  5929 | D:2      | Acquired 643 gold pieces
  5933 | D:2      | Bought a ring of see invisible for 195 gold pieces
  5933 | D:2      | Bought a ring of poison resistance for 260 gold pieces
  6227 | D:5      | Killed Menkaure
  6411 | D:6      | Killed Grinder
  6412 | D:6      | Reached skill level 4 in Fighting
  6727 | D:6      | Noticed Blork the orc
  6736 | D:6      | Killed Blork the orc
  6787 | D:6      | Found a glowing golden altar of the Shining One.
  6908 | D:6      | Bought 2 potions of heal wounds for 140 gold pieces
  6999 | D:7      | Reached skill level 5 in Spellcasting
  7123 | D:7      | Reached XP level 9. HP: 50/59 MP: 16/16
  7165 | D:7      | Found Fat-Frumos's Dragon-Slaying Spoils.
  7203 | D:7      | Found a sand-covered staircase.
  7211 | Ossuary  | Entered an ossuary
  7252 | Ossuary  | Learned a level 4 spell: Passage of Golubria
  7652 | Ossuary  | Reached skill level 1 in Translocations
  7801 | Ossuary  | Reached ** piety under Vehumet
  7801 | Ossuary  | Offered knowledge of Foxfire by Vehumet.
  8375 | D:7      | Offered knowledge of Stone Arrow by Vehumet.
  8383 | D:7      | Reached skill level 5 in Conjurations
  8574 | D:7      | Found a basalt altar of Yredelemnul.
  8593 | D:7      | Acquired 650 gold pieces
  8646 | D:7      | Reached skill level 5 in Fighting
  8711 | D:7      | Found a white marble altar of Elyvilon.
  8846 | D:7      | Identified the +7 hunting sling "Fenoenis" {speed, Int+4}
  9626 | D:8      | Noticed a polar bear
  9651 | D:8      | Learned a level 3 spell: Stone Arrow
  9747 | D:8      | Identified the +1 pair of gloves "Jiqanwag" {Dex+2}
 10101 | D:8      | Reached XP level 10. HP: 66/66 MP: 19/19
 10439 | D:8      | Reached *** piety under Vehumet
 11043 | D:8      | Learned a level 5 spell: Lightning Bolt
 11310 | D:8      | Reached skill level 1 in Air Magic
 11977 | D:9      | Offered knowledge of Olgreb's Toxic Radiance by Vehumet.
 11983 | D:9      | Learned a level 4 spell: Olgreb's Toxic Radiance
 12024 | D:9      | Noticed a two-headed ogre
 12170 | D:9      | Gained mutation: You expend magic power (3 MP) to
                  | strengthen your wands. [potion of mutation]
 12170 | D:9      | Gained mutation: Your magical capacity is low. (-10% MP)
                  | [potion of mutation]
 12170 | D:9      | Gained mutation: You are weak. (Str -2) [potion of
                  | mutation]
 12170 | D:9      | Gained mutation: You are partially covered in iridescent
                  | scales. (AC +2) [potion of mutation]
 12171 | D:9      | Lost mutation: Your magical capacity is low. (-10% MP)
                  | [potion of mutation]
 12171 | D:9      | Lost mutation: You are partially covered in iridescent
                  | scales. (AC +2) [potion of mutation]
 12171 | D:9      | Gained mutation: You sometimes lose the ability to read
                  | scrolls when taking damage. [potion of mutation]
 12172 | D:9      | Lost mutation: You sometimes lose the ability to read
                  | scrolls when taking damage. [potion of mutation]
 12172 | D:9      | Lost mutation: You expend magic power (3 MP) to strengthen
                  | your wands. [potion of mutation]
 12172 | D:9      | Gained mutation: You passively map a small area around you.
                  | [potion of mutation]
 12172 | D:9      | Gained mutation: Your mind is acute. (Int +2) [potion of
                  | mutation]
 12172 | D:9      | Gained mutation: You possess an exceptional clarity of
                  | mind. [potion of mutation]
 12411 | D:9      | Found a blossoming altar of Fedhas.
 13046 | D:8      | Reached skill level 1 in Poison Magic
 13323 | D:8      | Reached skill level 5 in Translocations
 13900 | D:9      | Killed a two-headed ogre
 13901 | D:9      | Reached skill level 6 in Fighting
 13974 | D:9      | Noticed an unseen horror
 14012 | D:9      | Killed an unseen horror
 14013 | D:9      | Reached XP level 11. HP: 43/72 MP: 4/21
 14254 | D:10     | Entered Level 10 of the Dungeon
 14443 | D:10     | Noticed Grum
 14474 | D:10     | Killed Grum
 14530 | D:10     | Found a flagged portal.
 14559 | Bailey   | Entered a bailey
 14566 | Bailey   | Reached **** piety under Vehumet
 14940 | Bailey   | Offered knowledge of Sticky Flame by Vehumet.
 14957 | Bailey   | Learned a level 4 spell: Sticky Flame
 15136 | Bailey   | Reached skill level 5 in Air Magic
 15161 | Bailey   | Reached skill level 1 in Fire Magic
 15683 | D:10     | Reached skill level 11 in Fighting
 15683 | D:10     | Reached XP level 12. HP: 90/90 MP: 23/23
 15882 | D:10     | Reached ***** piety under Vehumet
 16559 | D:10     | Found a runed translucent door.
 16563 | D:10     | Noticed Sonja
 16570 | D:10     | Killed Sonja
 16662 | D:10     | Offered knowledge of Ozocubu's Refrigeration by Vehumet.
 16846 | D:10     | Found a staircase to the Orcish Mines.
 17018 | D:10     | Noticed a two-headed ogre
 17095 | D:10     | Killed a two-headed ogre
 17096 | D:10     | Reached skill level 5 in Poison Magic
 17255 | D:10     | Noticed a six-headed hydra
 17317 | D:10     | Killed a six-headed hydra
 17585 | D:10     | Slain by a troll

Illustrated notes

Levels and vault maps discovered:
D:1:      co_arrival_square_in_a_square_in_a_square, layout_loops_ring
D:2:      minmay_inner_zag, layout_rooms, serial_shops, shop,
          corexii_leaking_fountain, uniq_crazy_yiuf_cottage
D:3:      layout_rooms, dk_vineyard_2, minmay_snake_closets
D:4:      layout_basic, temple_doors_e
D:5:      layout_loops_ring, mainiacjoe_overflow_cross_hatched,
          amcnicky_altar_gilded, uniq_menkaure, uniq_sigmund
D:6:      layout_loops_ring, lemuel_coloured_pillars_altar,
          jmf_multi_god_temple, mainiacjoe_overflow_catwalk,
          chequers_serial_rivers_small_a, minmay_shop_grid_forest,
          uniq_blork_the_orc, uniq_grinder
D:7:      minmay_razor_zed, layout_basic, lemuel_crystal_altar,
          elyvilon_altar_5, nicolae_ossuary_entry_catacombs,
          nicolae_shop_dragon_depot, moated_statue
D:8:      layout_basic, serial_ice, serial_ice_g, serial_ice_i, serial_ice_a,
          serial_ice_c
D:9:      kennysheep_six_static_rooms, layout_loops_cross, lemuel_round_altar,
          hex_large
D:10:     cheibrodos_shockbox, layout_small_grid, erik_lair_island, erik_orc_1,
          special_room [special_room_kobold], enter_bailey_2, uniq_sonja,
          uniq_grum, uniq_gastronok
D:11:     layout_irregular_city
Temple:   nicolae_temple_figure_eight

Skill      XL: |  1  2  3  4  5  6  7  8  9 10 11 12 |
---------------+-------------------------------------+-----
Stealth        | 1 2 3 4 6 7 |  7.3
Fighting       | 2 3 4 5 6 11 | 11.5
Spellcasting   | 2 3 5 6 7 |  7.9
Dodging        | 3 4 |  4.0
Crossbows      | 3 4 |  4.0
Evocations     | 1 2 3 4 |  4.0
Conjurations   | 3 5 6 7 |  7.9
Translocations | 3 5 6 |  6.0
Air Magic      | 4 5 |  5.0
Poison Magic   | 2 3 5 |  5.0
Fire Magic     | 1 4 |  4.6
Hexes          | |  3.0

Action                   |  1- 3 |  4- 6 |  7- 9 | 10-12 || total
-------------------------+-------+-------+-------+-------++-------
Melee: Short sword       |     4 |       |       |       ||     4
       Dagger            |    21 |   123 |   234 |    95 ||   473
       Constrict         |     4 |    25 |    57 |    20 ||   106
       Tentacles         |     1 |    20 |    58 |    36 ||   115
       Hand axe          |       |       |       |    11 ||    11
 Fire: Hand crossbow     |    25 |    27 |   104 |   134 ||   290
Throw: Javelin           |       |       |     3 |       ||     3
       Dart              |       |       |       |     1 ||     1
 Cast: Slow              |       |    12 |    29 |    32 ||    73
       Magic Dart        |       |       |     1 |     1 ||     2
       Olgreb's Toxic Ra |       |       |       |   127 ||   127
       Stone Arrow       |       |       |       |    18 ||    18
       Passage of Golubr |       |       |       |    10 ||    10
       Sticky Flame      |       |       |       |     3 ||     3
       Lightning Bolt    |       |       |       |     2 ||     2
Evoke: Wand              |       |       |    17 |       ||    17
  Use: Scroll            |       |       |    13 |     7 ||    20
       Potion            |       |       |     2 |     5 ||     7
 Stab: Sleeping          |     5 |    18 |    17 |     1 ||    41
       Distracted        |       |     1 |       |       ||     1
Armor: Skin              |     3 |     2 |     5 |     7 ||    17
Dodge: Dodged            |    14 |    70 |   138 |   219 ||   441

Table legend: (Time is in decaauts)
 A = Elapsed time spent in this place.
 B = Non-inter-level travel time spent in this place.
 C = Inter-level travel time spent in this place.
 D = Time resting spent in this place.
 E = Time spent auto-exploring this place.
 F = Levels seen in this place.
 G = Mean time per level.
                   A        B        C        D        E       F      G
               +--------+--------+--------+--------+--------+-----+--------+
         Total |  17637 |  16528 |   1109 |   5472 |   4679 |  14 | 1259.8 |
       Dungeon |  15485 |  14395 |   1090 |   4594 |   4511 |  11 | 1407.7 |
        Temple |     88 |     69 |     19 |      0 |     65 |   1 |   88.0 |
       Ossuary |    939 |    939 |      0 |    315 |     29 |   1 |  939.0 |
        Bailey |   1123 |   1123 |      0 |    563 |     74 |   1 | 1123.0 |
               +--------+--------+--------+--------+--------+-----+--------+

Top non-repeatable levels by time:
     D:8: 2695 daAuts
     D:9: 2178 daAuts
    D:10: 2035 daAuts
     D:7: 1699 daAuts
     D:1: 1580 daAuts
     D:2: 1504 daAuts
  Bailey: 1123 daAuts
     D:5: 1008 daAuts
     D:6: 989 daAuts
     D:4: 941 daAuts
 Ossuary: 939 daAuts
     D:3: 851 daAuts
  Temple: 88 daAuts
    D:11: 1 daAuts
